 Dungeon Crawl Stone Soup version 0.29.1-2-gbd0b4ee654 (webtiles) character file.

Game seed: 15789827753439707678

87 warriortoast the Digger (level 4, -3/24 HPs)
             Began as a Gargoyle Earth Elementalist on Nov 1, 2022.
             Killed from afar by Blork the orc (9 damage)
             ... with a puff of flame
             ... on level 4 of the Dungeon.
             The game lasted 00:05:10 (2204 turns).

warriortoast the Digger (GrEE)                      Turns: 2204, Time: 00:05:11

Health: -3/24      AC:  5    Str: 14    XL:     4   Next: 51%
Magic:  0/8        EV: 11    Int: 15    God:
Gold:   157        SH:  0    Dex: 10    Spells: 7/8 levels left

rFire   . . .      SeeInvis .   d - +0 mace
rCold   + . .      Faith    .   (no shield)
rNeg    + + .      Spirit   .   a - +0 robe
rPois   ∞          Reflect  .   (no helmet)
rElec   +          Harm     .   (no cloak)
rCorr   .          Rampage  .   (no gloves)
Will    .....                   (no boots)
Stlth   ++........              (no amulet)
HPRegen 0.08/turn               j - ring of protection from cold
MPRegen 0.11/turn               l - ring of positive energy

@: very slightly contaminated
A: sickness immunity, AC +3, negative energy resistance 1, electricity
resistance, torment resistance 1, petrification resistance
a: no special abilities


You were on level 4 of the Dungeon.
You visited 1 branch of the dungeon, and saw 4 of its levels.

You collected 157 gold pieces.

Inventory:

Hand Weapons
 d - a +0 mace (weapon)
Armour
 a - a +0 robe (worn)
 v - a +2 buckler
Jewellery
 j - a ring of protection from cold (left hand)
 l - a ring of positive energy (right hand)
Scrolls
 c - 2 scrolls of vulnerability {unknown}
 e - 4 scrolls of identify {unknown}
 f - a scroll of immolation {unknown}
 i - 3 scrolls of fear {unknown}
 m - a scroll of enchant armour {unknown}
 o - 3 scrolls of teleportation {unknown}
 p - a scroll of butterflies {unknown}
 u - a scroll of poison {unknown}
Potions
 b - a potion of magic
 g - a potion of haste {unknown}
 h - a potion of attraction {unknown}
 k - 2 potions of berserk rage {unknown}
 n - 2 potions of resistance {unknown}
 q - a potion of heal wounds {unknown}
 r - 2 potions of mutation {unknown}
 s - 2 potions of brilliance {unknown}
 t - a potion of degeneration {unknown}


   Skills:
 - Level 1.5 Dodging
 - Level 2.1 Stealth
 + Level 2.7 Spellcasting
 + Level 1.9 Conjurations
 + Level 1.7 Transmutations
 + Level 4.4 Earth Magic


You had 7 spell levels left.
You knew the following spells:

 Your Spells              Type           Power      Damage    Failure   Level
a - Sandblast             Erth           30%        2d9       3%          1

Your spell library contained the following spells:

 Spells                   Type           Power      Damage    Failure   Level
 Passwall                 Tmut/Erth      9%         N/A       9%          2
 Stone Arrow              Conj/Erth      22%        3d8       17%         3
 Slow                     Hex            8%         N/A       21%         1
 Dazzling Flash           Conj/Hex       8%         N/A       38%         3
 Petrify                  Tmut/Erth      11%        N/A       50%         4
 Confusing Touch          Hex            2%         N/A       52%         3
 Vampiric Draining        Necr           2%         2d6       52%         3
 Agony                    Necr           2%         N/A       99%         5
 Silence                  Hex/Air        1%         N/A       99%         5


Dungeon Overview and Level Annotations

Branches:
Dungeon (4/15)
 Temple: D:4-7

Altars:
Kikubaaqudgha

Annotations:
D:3 Grinder
D:4 Blork the orc


Innate Abilities, Weirdness & Mutations

You are immune to sickness and miasma.
Your stone body is resilient. (AC +3)
You are immune to poison.
You resist negative energy. (rN+)
You are resistant to electric shocks. (rElec)
You are resistant to unholy torment.
You are immune to petrification.


Message History

Blork the orc hits you with a +0 scimitar!
Blork the orc begins to cast a cantrip, but forgets the words!
The blast of sand hits Blork the orc.
Blork the orc is heavily wounded.
Blork the orc looks braver for a moment.
The blast of sand misses Blork the orc.
Blork the orc hits you with a +0 scimitar.
Blork the orc points at you and mumbles some strange words.
The magic dart hits you.
You are too injured to fight recklessly!
You are too injured to fight recklessly!
Casting: Sandblast (safe; 3% risk of failure)
Confirm with . or Enter, or press ? or * to list all spells.
Aiming: Sandblast (safe; 3% risk of failure)
Press: ? - help, Shift-Dir - straight line, f/p - Blork the orc
Aim: Blork the orc, wielding a +0 scimitar and wearing a +0 robe (heavily wounded, 84% to hit)
The blast of sand hits Blork the orc.
Blork the orc is severely wounded.
Blork the orc barely misses you.
Casting: Sandblast (safe; 3% risk of failure)
Confirm with . or Enter, or press ? or * to list all spells.
Aiming: Sandblast (safe; 3% risk of failure)
Press: ? - help, Shift-Dir - straight line, f/p - Blork the orc
Aim: Blork the orc, wielding a +0 scimitar and wearing a +0 robe (severely wounded, 84% to hit)
The blast of sand hits Blork the orc.
Blork the orc is severely wounded.
Blork the orc hits you with a +0 scimitar.
* * * LOW HITPOINT WARNING * * *
Blork the orc looks braver for a moment.
Casting: Sandblast (safe; 3% risk of failure)
Confirm with . or Enter, or press ? or * to list all spells.
Aiming: Sandblast (safe; 3% risk of failure)
Press: ? - help, Shift-Dir - straight line, f/p - Blork the orc
Aim: Blork the orc, wielding a +0 scimitar and wearing a +0 robe (severely wounded, 84% to hit)
You miscast Sandblast.
You are very lightly contaminated with residual magic.
Nothing appears to happen.
Blork the orc points at you and mumbles some strange words.
The puff of flame hits you!
You die...

#.......# ..##.....
##.......##..# ...#.....
.#...........# #.......#
............## ###.......#
.............###..........
.........................#
....###..##...#.........#
...###.....#..#..o....#
..####.....#....@..####
..###.............##
#.......###....#.##
#.....### ##..####
........# ##..####
##......###..<.#.##
.#................#
.#....##..........#
.......#...##..#..#


You could see Blork the orc.

Vanquished Creatures
  4 adders (D:2)
  A dart slug (D:1)
  3 orcs (D:3)
  4 endoplasms
  6 giant cockroaches
  6 goblins
  3 hobgoblins (D:1)
  2 quokkas
  3 ball pythons (D:2)
  3 bats
  2 frilled lizards (D:1)
  6 kobolds
  A rat (D:2)
44 creatures vanquished.

Vanquished Creatures (others)
  5 plants (D:3)
  5 toadstools (D:1)
10 creatures vanquished.

Grand Total: 54 creatures vanquished

Notes
Turn   | Place    | Note
-------+----------+-------------------------------------------
     0 | D:1      | warriortoast the Gargoyle Earth Elementalist began the
                  | quest for the Orb.
     0 | D:1      | Reached XP level 1. HP: 10/10 MP: 3/3
   124 | D:1      | Reached skill level 1 in Transmutations
   197 | D:1      | Reached XP level 2. HP: 15/15 MP: 1/5
   466 | D:1      | Reached skill level 1 in Conjurations
   496 | D:1      | Reached skill level 4 in Earth Magic
   707 | D:1      | Reached XP level 3. HP: 19/19 MP: 3/6
  1181 | D:2      | Identified the +9 falchion "Itoazos" {venom, rC+ Str+2
                  | Dex-5 SInv}
  1375 | D:2      | Reached XP level 4. HP: 24/24 MP: 4/7
  1758 | D:3      | Found an ancient bone altar of Kikubaaqudgha.
  2006 | D:3      | Noticed Grinder
  2192 | D:4      | Noticed Blork the orc
  2204 | D:4      | Killed from afar by Blork the orc

Illustrated notes

Levels and vault maps discovered:
D:1:      ldierk_walled_garden, layout_rooms
D:2:      minmay_wonky_spiral, layout_rooms
D:3:      layout_basic, overflow_temple_1_default,
          dilly_ecumenical_altar_fadedgnrine, serial_shops, shop,
          serial_bayou_pond_b, uniq_sigmund, uniq_grinder, uniq_terence
D:4:      layout_cave_pools, eat_drink_and_be_merry_uskayaw, fountainhead,
          uniq_blork_the_orc

Skill      XL: |  1  2 |
---------------+-------+-----
Transmutations | 1 |  1.7
Conjurations   | 1 |  1.9
Earth Magic    | 4 |  4.4
Dodging        | |  1.5
Stealth        | |  2.1
Spellcasting   | |  2.7

Action                   |  1- 3 |  4- 6 || total
-------------------------+-------+-------++-------
Melee: Mace              |     7 |       ||     7
 Cast: Sandblast         |    54 |    20 ||    74
Armor: Robe              |     9 |     2 ||    11
Dodge: Dodged            |    11 |     4 ||    15
